 Dungeon Crawl Stone Soup version 0.27-a0-419-g7a85846853 (webtiles) character file.

Game seed: 9258773855750556514

8 Chiseanne the Skirmisher (level 2, 23/23 HPs)
             Began as a Demonspawn Wanderer on Feb 26, 2021.
             Quit the game on level 1 of the Dungeon.
             The game lasted 00:00:30 (366 turns).

Chiseanne the Skirmisher (Demonspawn Wanderer)       Turns: 366, Time: 00:00:30

Health: 23/23      AC:  2    Str: 11    XL:     2   Next: 0%
Magic:  5/5        EV: 11    Int: 16    God:
Gold:   14         SH:  5    Dex: 10    Spells: 5/5 levels left

rFire    . . .     SeeInvis .   a - +0 falchion
rCold    . . .     Faith    .   (no shield)
rNeg     . . .     Spirit   .   d - +0 robe
rPois    .         Reflect  +   (helmet restricted)
rElec    .         Harm     .   (no cloak)
rCorr    .         Rampage  .   (no gloves)
Will     .....                  (no boots)
Stlth    ++........             f - amulet of reflection
HPRegen  0.07/turn              (no ring)
MPRegen  0.09/turn              (no ring)

@: no status effects
A: antennae 1
a: no special abilities


You were on level 1 of the Dungeon.
You visited 1 branch of the dungeon, and saw 1 of its levels.

You collected 14 gold pieces.

Inventory:

Hand Weapons
 a - a +0 falchion (weapon)
 e - a +0 dagger
Missiles
 b - 9 bolts
 g - 5 stones (quivered)
Armour
 d - a +0 robe (worn)
Jewellery
 f - an amulet of reflection (around neck)
Potions
 c - 2 potions of curing


   Skills:
 * Level 2.4 Fighting
 - Level 1.0 Long Blades
 * Level 0.9 Dodging
 - Level 1.7 Stealth
 - Level 2.0 Spellcasting
 - Level 2.1 Necromancy
 - Level 1.0 Transmutations


You had 5 spell levels left.
You didn't know any spells.
Your spell library contained the following spells:

 Spells                   Type           Power        Failure   Level
 Animate Skeleton         Necr           16%          9%          1
 Pain                     Necr           32%          9%          1
 Vampiric Draining        Necr           4%           26%         3
 Animate Dead             Necr           4%           63%         4
 Agony                    Necr           8%           93%         5


Dungeon Overview and Level Annotations

Branches:
Dungeon (1/15)

Altars:


Innate Abilities, Weirdness & Mutations

You have a pair of small antennae on your head.


Message History

No target in view!
No target in view!
No target in view!
g - 5 stones You see here a +0 dagger.
A bat comes into view.
You closely miss the bat. You block the bat's attack.
The bat barely misses you.
You riposte.
You closely miss the bat. You block the bat's attack.
The bat hits you but does no damage. The bat hits you but does no damage.
You hit the bat.
You kill the bat!
No target in view!
No target in view!
No target in view!
No target in view!
No target in view!
No target in view!
No target in view!
No target in view!
No target in view!
No target in view!
No target in view!
No target in view!
No target in view!
No target in view!
No target in view!
No target in view!
No target in view!
There is a stone staircase leading down here.
You now have 14 gold pieces.
There is a stone staircase leading down here.
A ball python and a goblin come into view.
You hit the goblin.
You kill the goblin!
You have reached level 2!
Your demonic ancestry asserts itself...
A pair of antennae grows on your head!
Are you sure you want to abandon this character and quit the game? (Confirm with "yes".)

≈≈≈≈≈≈≈.≈≈≈≈≈≈≈#..†.# #.# #..
≈≈≈≈≈≈≈<≈≈≈≈≈≈≈#....# #.###.#
################....###.#....
.................#....
.............#########
.########..##..#........
..........###..###.##...
######.#.# #......##... #@#.#
#.#########. #)#.# #. #.
#.#.# #. #. #S#.# #. #. #..>.
.. #. ###.# ## #. ..


You could see a ball python (asleep).

Vanquished Creatures
  A leopard gecko (D:1)
  A bat (D:1)
  A goblin (D:1)
  A hobgoblin (D:1)
  A frilled lizard (D:1)
  2 kobolds (D:1)
7 creatures vanquished.

Notes
Turn   | Place    | Note
-------+----------+-------------------------------------------
     0 | D:1      | Chiseanne the Demonspawn Wanderer began the quest for the
                  | Orb.
     0 | D:1      | Chiseanne set off with the following items: a +0 falchion,
                  | a potion of curing, a +0 robe, a +0 dagger; and the
                  | following spells available to memorise: Animate Skeleton,
                  | Pain, Vampiric Draining, Animate Dead, Agony
     0 | D:1      | Reached XP level 1. HP: 16/16 MP: 3/3
   366 | D:1      | Gained mutation: You have a pair of small antennae on your
                  | head. [demonic ancestry]
   366 | D:1      | Reached XP level 2. HP: 23/23 MP: 5/5
   366 | D:1      | Quit the game

Illustrated notes

Levels and vault maps discovered:
D:1:      lordsloth_arrival_two_stooges, layout_basic, minmay_misc_feat_rugged,
          solitary_fountain

Action                   || total
-------------------------++-------
Melee: Falchion          ||    17
 Stab: Sleeping          ||     2
Armor: Robe              ||     3
Dodge: Dodged            ||     8
Block: Other             ||     3
       Rpst.: Falchion   ||     3

Table legend: (Time is in decaauts)
 A = Elapsed time spent in this place.
 B = Non-inter-level travel time spent in this place.
 C = Inter-level travel time spent in this place.
 D = Time resting spent in this place.
 E = Time spent auto-exploring this place.
 F = Levels seen in this place.
 G = Mean time per level.
                   A        B        C        D        E       F      G
               +--------+--------+--------+--------+--------+-----+--------+
         Total |    370 |    370 |      0 |    190 |    124 |   1 |  370.0 |
       Dungeon |    370 |    370 |      0 |    190 |    124 |   1 |  370.0 |
               +--------+--------+--------+--------+--------+-----+--------+

Top non-repeatable levels by time:
     D:1: 370 daAuts
